 Dungeon Sprint DCSS version 0.31-a0-931-g7b59d4eb97 (webtiles) character file.

Game seed: 4933793336356578782

32 rocky1 the Ducker (level 3, -10/29 HPs)
             Began as a Djinni Gladiator on Oct 20, 2023.
             Mangled by an ice beast (13 damage)
             ... in the Dungeon (Sprint IX: "|||||||||||||||||||||||||||||").
             The game lasted 00:00:16 (151 turns).

rocky1 the Ducker (Djinni Gladiator)                 Turns: 151, Time: 00:00:18

Health: -10/29     AC:  4    Str: 13    XL:     3   Next: 45%
Gold:   0          EV: 14    Int:  9    God:
                   SH:  0    Dex: 16

rFire   + + .        a - +0 long sword
rCold   x . .        (no shield)
rNeg    . . .        b - +0 leather armour
rPois   ∞            c - +0 helmet
rElec   .            (no cloak)
rCorr   .            (no gloves)
SInv    .            (boots unavailable)
Will    .....        (no amulet)
Stlth   +            (no ring)
HPRegen 0.24/turn    (no ring)
MPRegen 0.00/turn

%: no teleportation, infuse magic (-11 HP)
@: weakened, on berserk cooldown, flying, slowed, very slow
A: sickness immunity, fire resistance 2, cold vulnerability 1, float, innate
caster, HP casting, extra vitality 1
a: no special abilities


You were in the Dungeon.
You visited 1 branch

Inventory:

Hand Weapons
 a - a +0 long sword (weapon)
Missiles
 d - 3 throwing nets (quivered)
 e - a javelin
Armour
 b - a +0 leather armour (worn)
 c - a +0 helmet (worn)
Scrolls
 j - a scroll of blinking
Potions
 f - a potion of curing
 g - a potion of heal wounds
 h - a potion of haste


   Skills:
 + Level 2.6 Fighting
 + Level 4.4 Long Blades
 + Level 2.1 Throwing
 + Level 1.4 Armour
 + Level 5.1 Dodging


You knew the following spells:

 Your Spells              Type           Power      Damage    Failure   Level
a - Sandblast             Erth           0%         2d4       45%         1
Your spell library was empty.

Dungeon Overview and Level Annotations

Branches:
Dungeon (1/1)

Altars:


Innate Abilities, Weirdness & Mutations

You are immune to sickness and miasma.
You are immune to poison.
Your flesh is very heat resistant. (rF++)
You are vulnerable to cold. (rC-)
You float through the air rather than walking.
You learn spells naturally, not from books.
Your magical power is your life essence.
You have superior vitality. (+4 MHP)


Message History

Your Dodging skill gained 2 levels and is now at level 5!
You have reached level 2!
You have reached level 3!
Your experience leads to an increase in your attributes!
Increase (S)trength, (I)ntelligence, or (D)exterity?
You feel agile. x2
The power to cast Sandblast wells up from within.
Spell assigned to 'a'.
Unknown command.
The ice beast barely misses you.
There is an open door, spattered with blood here.
Things that are here:
a +0 club; a +0 leather armour You hit the ice beast.
The ice beast is moderately wounded.
The gnoll bouda gazes fiercely through you!
You feel as though you will be weak longer.
The ice beast hits you. The ice beast freezes you!
You feel a terrible chill!
You hit the ice beast.
The ice beast is heavily wounded.
The ice beast misses you.
You closely miss the ice beast.
The ice beast is heavily wounded.
You closely miss the ice beast.
The ice beast is heavily wounded.
The ice beast hits you. The ice beast freezes you!
You feel a terrible chill!
* * * LOW HITPOINT WARNING * * *
The gnoll bouda gazes fiercely through you!
You feel as though you will be weak longer.
You hit the ice beast.
The ice beast is severely wounded.
The ice beast closely misses you.
You slash the ice beast!
The ice beast is almost dead.
You are no longer berserk.
You are exhausted.
You feel yourself slow down. The ice beast hits you.
* * * LOW HITPOINT WARNING * * *
The ice beast freezes you!
You feel a terrible chill!
You die...

▓.▓
▓.▓
▓)▓
▓.▓
▓.▓
▓.▓
▓.▓
▓.▓
▓@▓
▓Y▓
▓O▓
▓g▓
▓S▓
▓.▓
▓+▓


You could see an ice beast, an ogre, a gnoll bouda (swift) and an adder.

Vanquished Creatures
  A gnoll bouda (D)
  A quokka (D)
  A ball python (D)
  2 bats (D)
  A kobold (D)
6 creatures vanquished.

Notes
Turn   | Place    | Note
-------+----------+-------------------------------------------
     0 | D        | rocky1 the Djinni Gladiator began the quest for the Orb.
     0 | D        | Reached XP level 1. HP: 18/18 MP: 0/0
   139 | D        | Noticed a gnoll bouda
   139 | D        | Noticed an ice beast
   139 | D        | Noticed a gnoll bouda
   139 | D        | Noticed an ogre
   144 | D        | Killed a gnoll bouda
   145 | D        | Reached skill level 1 in Armour
   145 | D        | Reached skill level 5 in Dodging
   145 | D        | Reached XP level 2. HP: 24/24 MP: 0/0
   145 | D        | Reached XP level 3. HP: 29/29 MP: 0/0
   145 | D        | Learned a level 1 spell: Sandblast
   151 | D        | Mangled by an ice beast

Illustrated notes

Levels and vault maps discovered:
D:        linesprint [early_d, line_temple, items_1, d_10, items_2, lair_1,
          lair_end, items_3, orc_1, orc_end, items_4, d_15, swamp_1, shoals_1,
          snake_1, spider_1, d_20, vaults_1, items_5, swamp_end, shoals_end,
          snake_end, spider_end, vaults_end, d_27, items_6, zot_1, zot_end,
          crypt_end, forest_end, elf_end, slime_end, tomb_end, abyss_end,
          pan_hell_end]

Skill      XL: |  1 |
---------------+----+-----
Long Blades    | 4 |  4.4
Throwing       | 2 |  2.1
Armour         | 1 |  1.4
Dodging        | 5 |  5.1
Fighting       | |  2.6

Action                     || total
---------------------------++-------
  Melee: Long sword        ||    28
    Use: Potion            ||     1
 Armour: Leather armour    ||    15
  Dodge: Dodged            ||    23

Table legend: (Time is in decaauts)
 A = Elapsed time spent in this place.
 B = Non-inter-level travel time spent in this place.
 C = Inter-level travel time spent in this place.
 D = Time resting spent in this place.
 E = Time spent auto-exploring this place.
 F = Levels seen in this place.
 G = Mean time per level.
                   A        B        C        D        E       F      G
               +--------+--------+--------+--------+--------+-----+--------+
         Total |    153 |    153 |      0 |    111 |      0 |   1 |  153.0 |
       Dungeon |    153 |    153 |      0 |    111 |      0 |   1 |  153.0 |
               +--------+--------+--------+--------+--------+-----+--------+

Top non-repeatable levels by time:
       D: 153 daAuts
